PAAA
NAPERVILLE BATTLEKINGS @ BLOOMINGTON LONGNECKS
07/17/2022
 
TOP OF THE 1ST
Naperville Battlekings batting - Pitching for Bloomington Longnecks : RHP William Waters
Pitching: RHP William Waters
Batting: RHB Scott Peterson 0-0: Ball
1-0: Ball
2-0: Called Strike
2-1: Ball
3-1: Ground out 4-3 (Groundball, 4M)
Batting: RHB Tony Sánchez 0-0: Called Strike
0-1: Called Strike
0-2: Ball
1-2: Ball
2-2: Ball
3-2: Foul Ball, location: 2F
3-2: Foul Ball, location: 2F
3-2: Foul Ball, location: 2F
3-2: Foul Ball, location: 2F
3-2: Base on Balls
Batting: RHB Joe Ferneyhough 0-0: Ball
1-0: Ball
2-0: Swinging Strike
2-1: Ball
3-1: Called Strike
3-2: Base on Balls
Tony Sánchez to second
Batting: RHB Pedro González 0-0: Reached on error, E1 (Groundball, 15)
Tony Sánchez to third
Joe Ferneyhough to second
Batting: RHB Sal Haynes 0-0: Ball
1-0: Swinging Strike
1-1: Ground out 6-3 (Groundball, 6MS)
Tony Sánchez scores
Joe Ferneyhough to third
Pedro González to second
Batting: RHB Carlos Gómez 0-0: Called Strike
0-1: Fly out, F8 (Flyball, 78XD)
Top of the 1st over - 1 run(s), 0 hit(s), 1 error(s), 2 left on base; Naperville 1 - Bloomington 0
BOTTOM OF THE 1ST
Bloomington Longnecks batting - Pitching for Naperville Battlekings : RHP William Peck
Pitching: RHP William Peck
Batting: RHB Darrell Terwey 0-0: Ball
1-0: Called Strike
1-1: Swinging Strike
1-2: Foul Ball, location: 2F
1-2: Ball
2-2: Ball
3-2: Foul Ball, location: 2F
3-2: SINGLE (Line Drive, 56)
Batting: RHB Michael Hicks 0-0: Ball
1-0: Foul Ball, location: 2F
1-1: Ball
2-1: SINGLE (Groundball, 56D)
Darrell Terwey to second
Batting: SHB Adrián Pueblo 0-0: Swinging Strike
0-1: Foul Ball, location: 2F
0-2: Ball
1-2: Fly out, F7 (Flyball, 7M)
Batting: SHB Jared Jefferson 0-0: Fielders Choice at 2nd, 3-6 (Groundball, 3)
Darrell Terwey to third
Batting: LHB Joram Nelen 0-0: Ball
1-0: Fly out, F8 (Flyball, 78D)
Bottom of the 1st over - 0 run(s), 2 hit(s), 0 error(s), 2 left on base; Naperville 1 - Bloomington 0
TOP OF THE 2ND
Naperville Battlekings batting - Pitching for Bloomington Longnecks : RHP William Waters
Batting: RHB Kevin Tyler 0-0: Called Strike
0-1: Fly out, F4 (Popup, 4D)
Batting: RHB Tim Little 0-0: Ball
1-0: Ball
2-0: Ball
3-0: Base on Balls
Batting: LHB Alfonso Martínez 0-0: Called Strike
0-1: SINGLE (Groundball, 34)
Tim Little to second
Runner from 2nd tries for 3rd, SAFE, throw made to third
Alfonso Martínez to second
Batting: RHB Scott Peterson 0-0: Ball
1-0: Called Strike
1-1: SINGLE (Groundball, 5D)
Tim Little scores
Alfonso Martínez to third
Batting: RHB Tony Sánchez 0-0: Ball
1-0: Grounds into double play, 6-4-3 (Groundball, 6)
Top of the 2nd over - 1 run(s), 2 hit(s), 0 error(s), 1 left on base; Naperville 2 - Bloomington 0
BOTTOM OF THE 2ND
Bloomington Longnecks batting - Pitching for Naperville Battlekings : RHP William Peck
Batting: RHB Iván Ríos 0-0: Foul Ball, location: 2F
0-1: Ball
1-1: Swinging Strike
1-2: Ball
2-2: Ball
3-2: Foul Ball, location: 2F
3-2: Foul Ball, location: 2F
3-2: Foul Ball, location: 2F
3-2: Base on Balls
Batting: RHB Lawrence Olsen 0-0: Called Strike
0-1: Called Strike
0-2: Ball
1-2: Ball
2-2: Foul Ball, location: 2F
2-2: Grounds into double play, 6-4-3 (Groundball, 6)
Batting: LHB John Doyle 0-0: Ball
1-0: SINGLE (Groundball, 4MD)
Batting: LHB Monte Pollard 0-0: Called Strike
John Doyle steals 2nd base
0-1: Foul Ball, location: 2F
0-2: Ball
1-2: Ball
2-2: Foul Ball, location: 2F
2-2: Strikes out swinging
Bottom of the 2nd over - 0 run(s), 1 hit(s), 0 error(s), 1 left on base; Naperville 2 - Bloomington 0
TOP OF THE 3RD
Naperville Battlekings batting - Pitching for Bloomington Longnecks : RHP William Waters
Batting: RHB Joe Ferneyhough 0-0: Called Strike
0-1: Ground out 6-3 (Groundball, 6)
Batting: RHB Pedro González 0-0: Called Strike
0-1: Ball
1-1: Ground out 6-3 (Groundball, 6)
Batting: RHB Sal Haynes 0-0: Ball
1-0: Called Strike
1-1: Ball
2-1: Ball
3-1: Base on Balls
Batting: RHB Carlos Gómez 0-0: Called Strike
0-1: Ball
1-1: Called Strike
1-2: Ball
2-2: Fly out, F7 (Line Drive, 78M)
Top of the 3rd over - 0 run(s), 0 hit(s), 0 error(s), 1 left on base; Naperville 2 - Bloomington 0
BOTTOM OF THE 3RD
Bloomington Longnecks batting - Pitching for Naperville Battlekings : RHP William Peck
Batting: RHB Darrell Terwey 0-0: Ball
1-0: SINGLE (Groundball, 6D) (infield hit)
Batting: RHB Michael Hicks 0-0: Ball
1-0: Called Strike
1-1: Fly out, F8 (Flyball, 8RXD)
Batting: SHB Adrián Pueblo 0-0: Called Strike
Darrell Terwey is caught stealing 2nd base
0-1: Fly out, F7 (Flyball, 78D)
Bottom of the 3rd over - 0 run(s), 1 hit(s), 0 error(s), 0 left on base; Naperville 2 - Bloomington 0
TOP OF THE 4TH
Naperville Battlekings batting - Pitching for Bloomington Longnecks : RHP William Waters
Batting: RHB Kevin Tyler 0-0: Foul Ball, location: 2F
0-1: Ball
1-1: Foul Ball, location: 2F
1-2: Ball
2-2: Fly out, F7 (Flyball, 78D)
Batting: RHB Tim Little 0-0: Ball
1-0: Ball
2-0: Ball
3-0: Called Strike
3-1: Foul Ball, location: 2F
3-2: Ground out 4-3 (Groundball, 4)
Batting: LHB Alfonso Martínez 0-0: Called Strike
0-1: Ground out 1-3 (Groundball, 15)
Top of the 4th over - 0 run(s), 0 hit(s), 0 error(s), 0 left on base; Naperville 2 - Bloomington 0
BOTTOM OF THE 4TH
Bloomington Longnecks batting - Pitching for Naperville Battlekings : RHP William Peck
Batting: SHB Jared Jefferson 0-0: Swinging Strike
0-1: SINGLE (Groundball, 4MD)
Batting: LHB Joram Nelen 0-0: Called Strike
Jared Jefferson is caught stealing 2nd base
0-1: Called Strike
0-2: Strikes out swinging
Batting: RHB Iván Ríos 0-0: Ball
1-0: Called Strike
1-1: Fly out, F6 (Line Drive, 6)
Bottom of the 4th over - 0 run(s), 1 hit(s), 0 error(s), 0 left on base; Naperville 2 - Bloomington 0
TOP OF THE 5TH
Naperville Battlekings batting - Pitching for Bloomington Longnecks : RHP William Waters
Batting: RHB Scott Peterson 0-0: Called Strike
0-1: Called Strike
0-2: Strikes out swinging
Batting: RHB Tony Sánchez 0-0: Ball
1-0: Ball
2-0: Ball
3-0: Base on Balls
Batting: RHB Joe Ferneyhough 0-0: Ball
1-0: Called Strike
1-1: Called Strike
1-2: Foul Ball, location: 2F
1-2: Grounds into double play, 4-6-3 (Groundball, 4)
Top of the 5th over - 0 run(s), 0 hit(s), 0 error(s), 0 left on base; Naperville 2 - Bloomington 0
BOTTOM OF THE 5TH
Bloomington Longnecks batting - Pitching for Naperville Battlekings : RHP William Peck
Batting: RHB Lawrence Olsen 0-0: Called Strike
0-1: SINGLE (Groundball, 4MD)
Batting: LHB John Doyle 0-0: Ball
1-0: Called Strike
1-1: Ball
2-1: Called Strike
2-2: Ball
3-2: Fly out, F4 (Line Drive, 4)
3-2: Fly out, F4 (Line Drive, 4)
Batting: LHB Monte Pollard 0-0: Ball
1-0: Ball
2-0: Foul Ball, location: 2F
2-1: Ball
3-1: Called Strike
3-2: Base on Balls
Lawrence Olsen to second
Batting: RHB Darrell Terwey 0-0: Foul Ball, location: 2F
0-1: Foul Ball, location: 2F
0-2: Strikes out swinging
Batting: RHB Michael Hicks 0-0: Foul Ball, location: 2F
0-1: Ball
1-1: Foul Ball, location: 2F
1-2: Foul Ball, location: 2F
1-2: Foul Ball, location: 2F
1-2: Ball
2-2: Ball
3-2: Foul Ball, location: 2F
3-2: Foul Ball, location: 2F
3-2: SINGLE (Flyball, 89S)
Lawrence Olsen to third
Monte Pollard to second
Lawrence Olsen scores
Monte Pollard to third
Batting: SHB Adrián Pueblo 0-0: Called Strike
0-1: Foul Ball, location: 2F
0-2: Strikes out looking
Bottom of the 5th over - 1 run(s), 2 hit(s), 0 error(s), 2 left on base; Naperville 2 - Bloomington 1
TOP OF THE 6TH
Naperville Battlekings batting - Pitching for Bloomington Longnecks : RHP William Waters
Batting: RHB Pedro González 0-0: SINGLE (Groundball, 56D)
Batting: RHB Sal Haynes 0-0: Foul Ball, location: 2F
0-1: Ball
1-1: Ball
2-1: SINGLE (Line Drive, 8RS)
Pedro González to second
Batting: RHB Carlos Gómez 0-0: Called Strike
0-1: Swinging Strike
0-2: Ball
1-2: Ball
2-2: Strikes out swinging
Batting: RHB Kevin Tyler 0-0: Ball
1-0: Ball
2-0: Ball
3-0: Called Strike
3-1: Called Strike
3-2: Foul Ball, location: 2F
3-2: Ground out 4-3 (Groundball, 4M)
Pedro González to third
Sal Haynes to second
Batting: RHB Tim Little 0-0: Ball
1-0: Ball
2-0: Ball
3-0: Called Strike
3-1: Called Strike
3-2: Base on Balls
Batting: LHB Alfonso Martínez 0-0: Ball
1-0: Called Strike
1-1: Ball
2-1: Swinging Strike
2-2: Foul Ball, location: 2F
2-2: Ball
3-2: Base on Balls
Pedro González scores
Sal Haynes to third
Tim Little to second
Batting: RHB Scott Peterson 0-0: Swinging Strike
0-1: Swinging Strike
0-2: Ball
1-2: Strikes out looking
Top of the 6th over - 1 run(s), 2 hit(s), 0 error(s), 3 left on base; Naperville 3 - Bloomington 1
BOTTOM OF THE 6TH
Bloomington Longnecks batting - Pitching for Naperville Battlekings : RHP William Peck
Batting: SHB Jared Jefferson 0-0: Ball
1-0: Called Strike
1-1: Ball
2-1: Reached on error, E3 (Groundball, 3)
Batting: LHB Joram Nelen 0-0: Ball
1-0: Ball
2-0: Ball
3-0: Called Strike
3-1: Foul Ball, location: 2F
3-2: Base on Balls
Jared Jefferson to second
Batting: RHB Iván Ríos 0-0: Called Strike
0-1: Bunted foul
0-2: Strikes out looking
Batting: RHB Lawrence Olsen 0-0: Ball
1-0: Called Strike
1-1: Foul Ball, location: 2F
1-2: Foul Ball, location: 2F
1-2: Fly out, F8 (Popup, 4MD)
Batting: LHB John Doyle 0-0: SINGLE (Groundball, 34D)
Jared Jefferson to third
Joram Nelen to second
Runner from 3rd tries for Home, SAFE, no throw or cutoff
Batting: LHB Monte Pollard 0-0: Called Strike
0-1: Ball
1-1: Ground out 1-3 (Groundball, 15)
Bottom of the 6th over - 1 run(s), 1 hit(s), 1 error(s), 2 left on base; Naperville 3 - Bloomington 2
TOP OF THE 7TH
Naperville Battlekings batting - Pitching for Bloomington Longnecks : RHP William Waters
Batting: RHB Tony Sánchez 0-0: Called Strike
0-1: Ball
1-1: Called Strike
1-2: Strikes out swinging
Batting: RHB Joe Ferneyhough 0-0: Called Strike
0-1: SOLO HOME RUN (Flyball, 89XD), Distance : 367 ft
Pitching: RHP Mark Bourg
Batting: RHB Pedro González 0-0: Called Strike
0-1: Called Strike
0-2: Foul Ball, location: 2F
0-2: Strikes out swinging
Batting: RHB Sal Haynes 0-0: Ball
1-0: Foul Ball, location: 2F
1-1: Foul Ball, location: 2F
1-2: Foul Ball, location: 2F
1-2: DOUBLE (Line Drive, 89M)
Batting: RHB Carlos Gómez 0-0: Foul Ball, location: 2F
0-1: Ball
1-1: Ground out 6-3 (Groundball, 6)
Top of the 7th over - 1 run(s), 2 hit(s), 0 error(s), 1 left on base; Naperville 4 - Bloomington 2
BOTTOM OF THE 7TH
Bloomington Longnecks batting - Pitching for Naperville Battlekings : RHP William Peck
Batting: RHB Darrell Terwey 0-0: Foul Ball, location: 2F
0-1: Called Strike
0-2: Ball
1-2: Ball
2-2: Ball
3-2: Base on Balls
Pitching: RHP Colt Harris
Batting: RHB Michael Hicks 0-0: Fly out, F7 (Line Drive, 78M)
Batting: SHB Adrián Pueblo 0-0: Called Strike
0-1: Ball
1-1: Foul Ball, location: 2F
1-2: SINGLE (Line Drive, 4MD)
Darrell Terwey to second
Batting: SHB Jared Jefferson 0-0: Called Strike
0-1: Called Strike
0-2: Fielders Choice at 2nd, 1-6 (Groundball, 13)
Darrell Terwey to third
Batting: LHB Joram Nelen 0-0: Ball
1-0: Ball
2-0: Foul Ball, location: 2F
2-1: Called Strike
2-2: Foul Ball, location: 2F
2-2: Strikes out swinging
Bottom of the 7th over - 0 run(s), 1 hit(s), 0 error(s), 2 left on base; Naperville 4 - Bloomington 2
TOP OF THE 8TH
Naperville Battlekings batting - Pitching for Bloomington Longnecks : RHP Mark Bourg
Batting: RHB Kevin Tyler 0-0: Ball
1-0: Swinging Strike
1-1: Foul Ball, location: 2F
1-2: Ground out 6-3 (Groundball, 6)
Batting: RHB Tim Little 0-0: Ball
1-0: Swinging Strike
1-1: Foul Ball, location: 2F
1-2: Ball
2-2: Foul Ball, location: 2F
2-2: Foul Ball, location: 2F
2-2: Ball
3-2: Foul Ball, location: 2F
3-2: Ground out 4-3 (Groundball, 34)
Batting: LHB Alfonso Martínez 0-0: Ground out 4-3 (Groundball, 4)
Top of the 8th over - 0 run(s), 0 hit(s), 0 error(s), 0 left on base; Naperville 4 - Bloomington 2
BOTTOM OF THE 8TH
Bloomington Longnecks batting - Pitching for Naperville Battlekings : RHP Colt Harris
Batting: RHB Iván Ríos 0-0: Ball
1-0: Ball
2-0: Ball
3-0: Called Strike
3-1: Base on Balls
Batting: RHB Lawrence Olsen 0-0: SINGLE (Line Drive, 34)
Iván Ríos to second
Pitching: LHP Jason Puckett
Pinch Hitting: RHB Randy Galloway 0-0: Sac Bunt - play at third, runner OUT! 3-5
Lawrence Olsen to second
Pinch Hitting: SHB Juan Gil 0-0: Ball
1-0: DOUBLE (Line Drive, 78D)
Lawrence Olsen scores
Randy Galloway to third
Pitching: RHP William Taylor
Pinch Runner at 2nd Todd Cisneros:
Batting: RHB Darrell Terwey 0-0: Called Strike
0-1: Foul Ball, location: 2F
0-2: Foul Ball, location: 2F
0-2: Ball
1-2: Ball
2-2: Ball
3-2: Fly out, F5 (Popup, 5F)
Batting: RHB Michael Hicks 0-0: Ball
1-0: Called Strike
1-1: Ball
2-1: Ball
3-1: Foul Ball, location: 2F
3-2: Base on Balls
Batting: SHB Adrián Pueblo 0-0: Swinging Strike
0-1: Ground out 3-1 (Groundball, 34)
Bottom of the 8th over - 1 run(s), 2 hit(s), 0 error(s), 3 left on base; Naperville 4 - Bloomington 3
TOP OF THE 9TH
Naperville Battlekings batting - Pitching for Bloomington Longnecks : RHP Mark Bourg
Now at 2B: António Meléndez
Now at 3B: Jim Unknown
Batting: RHB Scott Peterson 0-0: Ball
1-0: Ball
2-0: Called Strike
2-1: Foul Ball, location: 2F
2-2: Ball
3-2: Base on Balls
Pinch Hitting: RHB Jim Unknown 0-0: Called Strike
0-1: DOUBLE (Flyball, 8LD)
Scott Peterson to third
Batting: RHB Joe Ferneyhough 0-0: Swinging Strike
0-1: Called Strike
0-2: Strikes out swinging
Batting: RHB Pedro González 0-0: Intentional Walk
Pinch Hitting: RHB Earnest Veeck 0-0: Ball
1-0: Ball
2-0: Called Strike
2-1: Ball
3-1: Foul Ball, location: 2F
3-2: Foul Ball, location: 2F
3-2: Base on Balls
Scott Peterson scores
Jim Unknown to third
Pedro González to second
Pitching: LHP Wilson Castillo
Batting: RHB Carlos Gómez 0-0: Called Strike
0-1: Swinging Strike
0-2: Ball
1-2: Ball
2-2: Ball
3-2: Strikes out swinging
Batting: RHB Kevin Tyler 0-0: Foul Ball, location: 2F
0-1: Ball
1-1: SINGLE (Line Drive, 9S)
Jim Unknown scores
Pedro González to third
Earnest Veeck to second
Runner from 3rd tries for Home, SAFE, no throw or cutoff
Batting: RHB Tim Little 0-0: Foul Ball, location: 2F
0-1: Ball
1-1: Ball
2-1: Ground out 5-3 (Groundball, 5S)
Top of the 9th over - 3 run(s), 2 hit(s), 0 error(s), 2 left on base; Naperville 7 - Bloomington 3
BOTTOM OF THE 9TH
Bloomington Longnecks batting - Pitching for Naperville Battlekings : RHP William Taylor
Now at SS: Marcus Wade
Now in RF: Jim Unknown
Batting: SHB Jared Jefferson 0-0: Called Strike
0-1: SOLO HOME RUN (Flyball, 8LXD), Distance : 429 ft
Pitching: RHP Ramón Elizondo
Batting: LHB Joram Nelen 0-0: SINGLE (Line Drive, 6M)
Batting: RHB Iván Ríos 0-0: Ball
1-0: Foul Ball, location: 2F
1-1: SINGLE (Groundball, 4M)
Joram Nelen to second
Batting: RHB Lawrence Olsen 0-0: Called Strike
0-1: Ball
1-1: Swinging Strike
1-2: Grounds into double play, 4-6-3 (Groundball, 4)
Joram Nelen to third
Batting: RHB António Meléndez 0-0: Ball
1-0: Ball
2-0: SINGLE (Line Drive, 6MD)
Joram Nelen scores
Batting: RHB Jim Unknown 0-0: Called Strike
0-1: Foul Ball, location: 2F
0-2: Ball
1-2: Ball
2-2: Fielders Choice at 2nd, 5-4 (Groundball, 5)
Bottom of the 9th over - 2 run(s), 4 hit(s), 0 error(s), 0 left on base; Naperville 7 - Bloomington 5
This league is powered by Out of the Park Baseball, the baseball management simulation game for PC, Mac and Linux
Friday, April 15th, 2016 - OOTP Baseball 16.9 Build 39